Map: Ulrena

Players

TheHeatBeech

  • Race: Terran Terran
  • League: Master

xKawaiian - Winner!

  • Race: Terran Terran
  • League: Master

VOD

Have the link to the VOD?

Description

Time

  • Played on: Jan. 16, 2016, 12:48 a.m.
  • Length: 6:01
Show
View Real Time Build Order
Export as new Build Order

TheHeatBeech Terran 

Build Orders: 1/1/1 

Get SALT Encoding   

  12  0:01  SCV  
  13  0:13  SCV  
  14  0:17  Supply Depot  
  14  0:25  SCV  
  15  0:39  SCV  
  15  0:40  Barracks  
  16  0:46  Refinery  
  16  0:50  Refinery  
  16  0:53  SCV  
  17  1:05  SCV  
  18  1:17  SCV  
  19  1:27  Marine  
  19  1:29  Orbital Command  
  20  1:35  Factory  
  20  1:44  Supply Depot  
  20  1:48  Marine  
  21  1:56  SCV  
  22  2:05  Marine  
  23  2:09  SCV  
  23  2:14  Supply Depot  
  24  2:18  Factory Tech Lab  
  24  2:21  SCV  
  25  2:27  Starport  
  25  2:30  Marine  
  25  2:34  SCV  
  27  2:42  Siege Tank  
  30  3:01  SCV  
  30  3:02  Supply Depot  
  30  3:05  Medivac  
  33  3:06  Barracks Reactor  
  33  3:15  Engineering Bay  
  33  3:17  Siege Tank  
  36  3:38  Command Center  
  36  3:43  Marine x2  
  37  3:58  Siege Tank  
  37  3:59  Medivac  
  42  4:07  Marine x2  
  44  4:11  Barracks  
  44  4:22  Supply Depot  
  44  4:39  Medivac  
  46  4:48  Marine  
  46  4:50  Marine  
  48  4:55  Orbital Command  
  48  5:00  Supply Depot, Cyclone  
  48  5:01  Supply Depot  
  48  5:04  Supply Depot  
  47  5:25  Marine x2  
Show
View Real Time Build Order
Export as new Build Order

xKawaiian Terran - Winner!

Build Orders: 1/1/1, Cyclone Opening 

Get SALT Encoding   

  12  0:00  SCV  
  13  0:12  SCV  
  14  0:17  Supply Depot  
  14  0:25  SCV  
  15  0:39  SCV  
  15  0:40  Barracks  
  16  0:46  Refinery  
  16  0:51  SCV  
  16  0:53  Refinery  
  17  1:03  SCV  
  18  1:15  SCV  
  19  1:27  Marine  
  19  1:28  Orbital Command  
  20  1:33  Factory  
  20  1:42  Supply Depot  
  20  1:46  Marine  
  21  1:54  SCV  
  22  2:04  Marine  
  22  2:08  SCV  
  24  2:17  Factory Tech Lab, Starport  
  24  2:20  SCV  
  24  2:22  Marine  
  26  2:31  Supply Depot  
  26  2:32  SCV  
  27  2:40  Cyclone  
  27  2:42  Marine  
  31  2:53  SCV  
  31  2:56  Medivac  
  31  2:57  Supply Depot  
  34  3:00  Marine  
  35  3:12  Siege Tank  
  38  3:13  SCV  
  38  3:15  Liberator  
  38  3:19  Supply Depot  
  39  3:22  Marine  
  43  3:37  Supply Depot  
  43  3:42  Marine  
  44  3:57  SCV  
  45  4:04  Siege Tank  
  45  4:09  SCV, Marine  
  50  4:21  SCV  
  51  4:27  Marine  
  49  4:38  SCV  
  50  4:45  Marine  
  51  4:48  Siege Tank  
  54  5:22  Marine  
  54  5:23  Siege Tank  
  58  5:33  Command Center  
  58  5:40  Marine  
Tags
 
Add a new tag
Caveats
  • Supply blocks, unpowered buildings, or Contaminate may cause inaccurate times.
  • Supply counts are checked every 10 seconds.